AoeStats
← BlackRefresher

Arena

509935425Analyzed
2v2 RM · 3d ago on Sep 28, 2026· 40m 45s· 4 players
Game mode
Random Map
Map size
Medium (4 player)
Population
200
Speed
Normal
Resources
Standard
Victory
Conquest
Starting age
Dark Age
Ending age
Imperial Age
RankedLock teamsTeams togetherTeam positionsShared explorationLock speedFull tech treeHidden civsTurbo modeCheats
Victory
Defeat
🇫🇷 Japanese · France
1229
+16
🇫🇷 Goths · France
1227
+16
🇩🇪 Ethiopians · Germany
1224
-16
🇩🇪 Teutons · Germany
1217
-16
BlackRefresher
11:18 Feudal Age
13:03 Double-Bit Axe
15:43 Castle Age
13:47 Horse Collar
14:17 Loom
14:14 Horse Collar
15:57 Wheelbarrow
15:17 Gold Mining
16:41 Bow Saw
19:32 Scale Mail Armor
23:45 Forging
24:35 Squires
31:10 Imperial Age
29:23 Stone Mining
30:20 Hand Cart
30:55 Heavy Plow
31:14 Chain Mail Armor
32:00 Iron Casting
33:09 Chemistry
33:02 Plate Mail Armor
34:41 Blast Furnace
33:33 Fletching
33:43 Padded Archer Armor
34:32 Ballistics
34:48 Crossbowman
35:34 Thumb Ring
35:32 Arbalester
36:38 Bodkin Arrow
40:02 Conscription
John White
11:22 Feudal Age
12:16 Double-Bit Axe
15:01 Castle Age
15:19 Loom
19:03 Wheelbarrow
18:14 Horse Collar
18:45 Bow Saw
24:16 Gold Mining
25:48 Scale Barding Armor
25:48 Town Watch
26:58 Chain Barding Armor
27:45 Forging
28:28 Bloodlines
31:19 Iron Casting
37:19 Imperial Age
35:08 Hand Cart
34:54 Town Patrol
37:09 Fortified Wall
37:24 Cavalier
38:41 Plate Barding Armor
38:40 Fletching
39:50 Blast Furnace
Jules
11:01 Feudal Age
14:39 Castle Age
12:43 Horse Collar
12:52 Double-Bit Axe
14:11 Loom
16:12 Forging
16:37 Bow Saw
23:01 Wheelbarrow
30:50 Imperial Age
28:40 Scale Mail Armor
30:53 Iron Casting
30:33 Chain Mail Armor
29:50 Pikeman
30:30 Squires
30:16 Arson
30:17 Gambesons
31:23 Gold Mining
32:07 Conscription
32:24 Elite Samurai
34:31 Blast Furnace
34:24 Hand Cart
33:56 Town Watch
35:23 Two-Man Saw
35:11 Man-at-Arms
36:11 Long Swordsman
37:55 Plate Mail Armor
39:40 Heavy Plow
39:17 Halberdier
39:46 Two-Handed Swordsman
41:09 Gold Shaft Mining
40:42 Champion
Haystack
0:32 Loom
11:02 Feudal Age
16:17 Castle Age
14:46 Horse Collar
14:57 Double-Bit Axe
16:34 Forging
16:24 Scale Mail Armor
17:54 Squires
27:07 Imperial Age
24:36 Pikeman
26:31 Chain Mail Armor
29:03 Anarchy
32:28 Iron Casting
31:54 Padded Archer Armor
31:44 Fletching
32:21 Conscription
34:25 Chemistry
34:23 Ballistics
35:11 Wheelbarrow
34:27 Halberdier
37:56 Bodkin Arrow
38:16 Leather Archer Armor
41:00 Ring Archer Armor
Connection lost

Rejoining the realm…

Still unreachable

The connection could not be restored.

Session expired

The server has moved on; the page needs a fresh start.